Map: Lerilak Crest

Players

puCK (Nina) - Winner!

  • Race: Protoss Protoss
  • League: Grandmaster

Light (SpeCial)

  • Race: Terran Terran
  • League: Master

VOD

Have the link to the VOD?

Description

Time

  • Played on: Dec. 4, 2015, 11:31 p.m.
  • Length: 7:41
Show
View Real Time Build Order
Export as new Build Order

puCK Protoss - Winner!

Build Orders: Nexus First 

Get SALT Encoding   

  12  0:01  Probe (Chrono Boost)  
  13  0:11  Probe (Chrono Boost)  
  14  0:18  Pylon  
  14  0:22  Probe (Chrono Boost)  
  15  0:36  Probe (Chrono Boost)  
  16  0:46  Probe (Chrono Boost)  
  17  0:57  Probe (Chrono Boost)  
  17  1:00  Nexus  
  18  1:10  Gateway  
  18  1:14  Probe (Chrono Boost)  
  19  1:19  Assimilator  
  19  1:23  Assimilator  
  19  1:26  Probe (Chrono Boost)  
  20  1:32  Pylon  
  20  1:37  Probe (Chrono Boost)  
  21  1:46  Gateway  
  21  1:48  Probe (Chrono Boost)  
  22  2:00  Cybernetics Core  
  22  2:01  Probe (Chrono Boost)  
  25  2:08  Zealot (Chrono Boost)  
  25  2:12  Probe  
  25  2:13  Probe  
  27  2:24  Probe  
  28  2:33  Probe  
  29  2:44  Mothership Core  
  29  2:49  Adept (Chrono Boost)  
  29  2:50  Warp Gate  
  33  2:51  Probe  
  34  3:04  Robotics Facility  
  34  3:06  Probe  
  34  3:07  Probe  
  36  3:18  Probe (Chrono Boost)  
  36  3:19  Probe (Chrono Boost)  
  38  3:29  Probe (Chrono Boost)  
  38  3:30  Probe (Chrono Boost), Pylon  
  40  3:40  Probe (Chrono Boost)  
  41  3:45  Probe (Chrono Boost)  
  42  3:50  Probe (Chrono Boost)  
  42  3:52  Immortal (Chrono Boost)  
  42  3:55  Probe  
  47  3:56  Gateway  
  47  4:02  Probe  
  49  4:05  Probe, Pylon  
  49  4:08  Gateway  
  50  4:12  Gateway  
  50  4:14  Sentry  
  50  4:15  Sentry  
  54  4:20  Pylon  
  55  4:26  Probe  
  55  4:30  Immortal (Chrono Boost)  
  58  4:33  Gateway  
  57  4:40  Probe  
  57  4:44  Gateway  
  58  4:46  Probe  
  59  4:58  Pylon  
  59  4:59  Pylon  
  59  5:02  Warp Prism (Chrono Boost)  
  59  5:04  Pylon  
  59  5:05  Probe  
  59  5:06  Assimilator  
  62  5:07  Assimilator  
  62  5:18  Adept  
  62  5:19  Adept x3, Pylon  
  70  5:24  Adept  
  72  5:30  Pylon  
  73  5:36  Observer  
  73  5:48  Adept x3  
  73  5:49  Adept x4  
  87  6:00  Pylon  
  87  6:12  Adept x4  
  87  6:13  Adept  
  73  6:20  Adept  
  73  6:21  Adept  
  71  6:30  Immortal  
  71  6:31  Sentry x2  
  79  6:34  Adept x2  
  82  6:50  Adept x3  
  82  6:51  Adept  
  90  6:54  Adept x2  
  92  7:10  Sentry x2  
  92  7:15  Sentry x2  
  94  7:18  Adept x2  
  94  7:19  Adept  
  94  7:20  Pylon  
  94  7:30  Adept  
  94  7:36  Adept x2  
Show
View Real Time Build Order
Export as new Build Order

Light Terran 

Build Orders: Reaper Expand 

Get SALT Encoding   

  12  0:01  SCV  
  13  0:13  SCV  
  14  0:17  Supply Depot  
  14  0:25  SCV  
  15  0:39  SCV  
  15  0:40  Barracks  
  16  0:45  Refinery  
  16  0:51  SCV  
  17  1:03  SCV  
  18  1:18  SCV  
  19  1:30  Reaper  
  19  1:31  Orbital Command  
  20  1:45  Command Center  
  20  1:52  Supply Depot  
  20  1:57  SCV  
  21  2:07  Barracks Reactor  
  21  2:09  SCV  
  22  2:21  SCV  
  23  2:33  SCV, Factory  
  24  2:43  Marine x2  
  25  2:45  SCV  
  26  2:51  Command Center  
  26  2:58  SCV  
  27  2:59  Orbital Command  
  27  3:02  Marine  
  27  3:04  Marine  
  29  3:10  SCV  
  30  3:17  Factory Tech Lab  
  30  3:19  Marine  
  30  3:21  Marine  
  30  3:22  SCV  
  30  3:25  SCV  
  35  3:34  SCV  
  35  3:37  SCV, Marine  
  35  3:39  Marine  
  35  3:40  Cyclone  
  41  3:46  SCV  
  42  3:49  Supply Depot  
  42  3:51  SCV  
  42  3:55  Marine  
  42  3:57  Marine  
  42  3:58  SCV  
  45  4:03  SCV  
  45  4:08  Orbital Command  
  45  4:09  Refinery  
  46  4:10  SCV  
  46  4:13  Marine  
  46  4:15  Marine  
  49  4:17  Siege Tank  
  49  4:22  SCV  
  49  4:24  SCV  
  54  4:31  Marine  
  55  4:33  Marine  
  55  4:34  SCV  
  55  4:36  SCV x2, Barracks x2  
  59  4:40  Refinery  
  59  4:44  Supply Depot  
  59  4:49  Marine  
  59  4:51  Siege Tank, Marine  
  63  4:57  SCV x3  
  63  4:58  Bunker  
  62  5:08  Marine x2  
  62  5:09  SCV  
  62  5:10  SCV x2  
  67  5:18  Bunker  
  67  5:20  Bunker  
  67  5:21  SCV  
  67  5:22  SCV x2  
  67  5:23  Cyclone  
  67  5:24  Supply Depot, Barracks Tech Lab  
  73  5:30  Marine x2  
  73  5:31  Barracks Tech Lab  
  73  5:33  SCV  
  73  5:34  SCV  
  76  5:43  Refinery  
  76  5:44  Marine  
  76  5:48  Marine  
  76  5:49  Bunker, Marine  
  78  5:50  Marine  
  78  5:55  SCV, Siege Tank  
  78  5:56  SCV  
  85  5:59  Supply Depot  
  85  6:01  Supply Depot  
  85  6:07  SCV  
  85  6:10  Marine x3  
  85  6:15  Marine  
  77  6:27  Siege Tank, Engineering Bay  
  77  6:28  Engineering Bay, Marine x2  
  77  6:31  Marine  
  80  6:33  Marine  
  80  6:35  Bunker  
  80  6:39  Starport  
  81  6:41  SCV x2  
  81  6:46  Marine x2  
  85  6:49  Marine  
  86  6:56  Supply Depot  
  86  7:00  Supply Depot  
  86  7:02  Cyclone  
  86  7:04  Marine x2  
  86  7:08  Marine  
  72  7:20  SCV x2  
  72  7:21  Marine  
  72  7:22  Marine  
Tags
 
Add a new tag
Caveats
  • Supply blocks, unpowered buildings, or Contaminate may cause inaccurate times.
  • Supply counts are checked every 10 seconds.